 Dungeon Crawl Stone Soup version 0.23.2-30-g0e89c35649 (webtiles) character file.

Game seed: 17322047743141954116

149 1994 the Chopper (level 5, -3/41 HPs)
             Began as a Formicid Warper on June 21, 2019.
             Killed by nerve-wracking pain
             ... invoked by Grinder
              (13 damage)
             ... on level 3 of the Dungeon.
             The game lasted 00:19:04 (2917 turns).

1994 the Chopper (Formicid Warper)                  Turns: 2917, Time: 00:19:04

Health: -3/41      AC:  5    Str: 16    XL:     5   Next: 56%
Magic:  7/9        EV: 11    Int: 16    God:
Gold:   154        SH:  3    Dex: 10    Spells: 1/9 levels left

rFire    . . .     SeeInvis +   a - +0 hand axe
rCold    . . .     Gourm    .   n - +0 buckler
rNeg     . . .     Faith    .   b - +0 leather armour
rPois    .         Spirit   .   (helmet unavailable)
rElec    .         Reflect  .   (no cloak)
rCorr    .         Harm     .   (no gloves)
MR       +....                  l - +1 pair of boots {run}
Stlth    +.........             (no amulet)
HPRegen  0.13/turn              p - +3 ring of intelligence
MPRegen  0.11/turn              j - ring of protection from magic

@: quick
A: permanent stasis, dig shafts and tunnels, four strong arms, antennae 3
a: Dig, Shaft Self


You were on level 3 of the Dungeon.
You were not hungry.

You visited 1 branch of the dungeon, and saw 3 of its levels.

You collected 154 gold pieces.

Inventory:

Hand Weapons
 a - a +0 hand axe (weapon)
Missiles
 c - 6 tomahawks
 e - 5 tomahawks of dispersal (quivered)
 k - 34 stones
Armour
 b - a +0 leather armour (worn)
 d - a +0 chain mail
 l - a +1 pair of boots of running (worn)
 n - a +0 buckler (worn)
Jewellery
 j - a ring of protection from magic (right hand)
 p - a +3 ring of intelligence (left hand)
Scrolls
 g - a scroll of enchant weapon {unknown}
 h - a scroll of remove curse {unknown}
 m - 3 scrolls of identify
 o - 2 scrolls of teleportation {unknown}
 q - a scroll of amnesia {unknown}
Potions
 r - a potion of brilliance {unknown}
 s - a potion of heal wounds
Comestibles
 f - 3 rations
 i - a chunk of flesh


   Skills:
 + Level 3.1 Fighting
 * Level 3.3 Axes
 - Level 1.0 Throwing
 + Level 2.1 Armour
 - Level 1.7 Dodging
 * Level 1.4 Shields
 + Level 2.6 Spellcasting
 * Level 3.3 Translocations


You had one spell level left.
You knew the following spells:

 Your Spells              Type           Power        Failure   Level  Hunger
a - Shroud of Golubria    Chrm/Tloc      #.........   22%         2    ##.....
b - Teleport Other        Tloc           ##......     22%         3    ###....
c - Lesser Beckoning      Tloc           ##........   22%         3    ###....

Your spell library contained the following spells:

 Spells                   Type           Power        Failure   Level  Hunger
 Gell's Gravitas          Tloc           ##........   22%         3    ###....
 Passage of Golubria      Tloc           N/A          58%         4    #####..
 Blink                    Tloc           Unusable     N/A         2    N/A

Dungeon Overview and Level Annotations

Branches:
Dungeon (3/15)

Altars:

Annotations:
D:2 1 runed translucent door, 1 exclusion
D:3 Grinder


Innate Abilities, Weirdness & Mutations

You cannot be hasted, slowed, berserked, paralysed or teleported.
You can dig through walls and to a lower floor.
Your four strong arms can wield two-handed weapons with a shield.
You have a pair of large antennae on your head. (SInv)


Message History

Grinder is heavily wounded.
Grinder misses you.
Unknown command.
Unknown command.
You closely miss Grinder.
Grinder is heavily wounded.
Grinder hits you. x2
* * * LOW HITPOINT WARNING * * *
You writhe in agony.
* * * LOW HITPOINT WARNING * * *
Unknown command.
Unknown command.
Grinder gestures at you.
Your stasis prevents you from being paralysed.
Grinder says, "DUCK!"
Grinder blinks!
Grinder says, "Are you a fish?" Grinder gestures at you.
Pain shoots through your body!
You die...

#...# #.(.. # #...#
...##. #...#
#########.#...
##...###....##...#.##.#
.........§.............
##...####'#'##.5...#.
#...........#..####
#...........#..##
#...........#..@##
##...........##...#
.........##.###...#
.........##.......#
.........######...#
######'### #...# #)#
#...# ######÷# #...#
<....÷÷# #...#


You could see Grinder.

Vanquished Creatures
  Jessica (D:2)
  Terence (D:2)
  Robin (D:1)
  An ooze (D:2)
  3 worms
  A leopard gecko (D:2)
  An orc (D:3)
  10 bats
  2 giant cockroaches
  13 goblins
  9 hobgoblins
  4 jackals (D:3)
  9 kobolds
  2 quokkas (D:3)
  A ball python (D:1)
  5 frilled lizards
  6 rats
70 creatures vanquished.

Notes
Turn   | Place    | Note
-------+----------+-------------------------------------------
     0 | D:1      | 1994 the Formicid Warper began the quest for the Orb.
     0 | D:1      | Reached XP level 1. HP: 16/16 MP: 3/3
   214 | D:1      | Reached XP level 2. HP: 18/23 MP: 5/5
   447 | D:1      | Reached XP level 3. HP: 23/28 MP: 6/6
   558 | D:1      | Learned a level 2 spell: Shroud of Golubria
   562 | D:1      | Learned a level 3 spell: Teleport Other
   778 | D:1      | Identified a +1 pair of boots of running (You found it on
                  | level 1 of the Dungeon)
   942 | D:2      | Noticed Robin
   989 | D:1      | Killed Robin
  1094 | D:2      | Reached XP level 4. HP: 31/34 MP: 4/7
  1233 | D:2      | Learned a level 3 spell: Lesser Beckoning
  1530 | D:2      | Noticed Jessica
  1540 | D:2      | Killed Jessica
  1540 | D:2      | Reached skill level 1 in Shields
  1935 | D:2      | Reached XP level 5. HP: 37/40 MP: 3/8
  2127 | D:2      | Found a runed translucent door.
  2181 | D:3      | Noticed Terence
  2223 | D:2      | Killed Terence
  2774 | D:3      | Noticed Grinder
  2917 | D:3      | Killed from afar by Grinder

Skill      XL: |  1  2  3  4  5 |
---------------+----------------+-----
Translocations | 3 |  3.3
Axes           | 3 |  3.3
Armour         | 2 |  2.1
Shields        | 1 |  1.4
Fighting       | 3 |  3.1
Throwing       | |  1.0
Dodging        | |  1.7
Spellcasting   | |  2.6

Action                   |  1- 3 |  4- 6 || total
-------------------------+-------+-------++-------
Melee: Hand axe          |    98 |   195 ||   293
 Cast: Shroud of Golubri |     3 |    12 ||    15
       Teleport Other    |       |     3 ||     3
  Use: Scroll            |       |     1 ||     1
  Eat: Chunk             |       |     9 ||     9
Armor: Leather armour    |    47 |    41 ||    88
Dodge: Dodged            |    63 |    99 ||   162
Block: Buckler           |       |    32 ||    32
